 Dungeon Sprint DCSS version 0.29.1-2-gbd0b4ee654 (webtiles) character file.

Game seed: 15014053708797324443

1500000 Groucho the Covert (level 12, -21/103 HPs)
             Began as a Gnoll Brigand on Nov 4, 2022.
             Was a Believer of Makhleb.
             Demolished by a bag of meat
             ... wielding a +9 war axe
              (39 damage)
             ... in the Dungeon (Sprint VIII: "Arena of Blood").
             The game lasted 00:00:37 (15 turns).

Groucho the Covert (Gnoll Brigand)                    Turns: 15, Time: 00:00:37

Health: -21/103    AC:  4    Str: 11    XL:     12   Next: 8%
Magic:  1/27       EV: 20    Int: 10    God:    Makhleb [**....]
Gold:   0          SH:  0    Dex: 19    Spells: 34/34 levels left

rFire   . . .      SeeInvis .   l - +∞ Axe of Woe
rCold   . . .      Faith    .   (shield currently unavailable)
rNeg    . . .      Spirit   .   b - +0 robe
rPois   .          Reflect  .   (no helmet)
rElec   .          Harm     .   c - +0 cloak
rCorr   .          Rampage  .   (no gloves)
Will    .....      NoTele   +   (no boots)
Stlth   ++++++....              (no amulet)
HPRegen 0.27/turn               (no ring)
MPRegen 0.20/turn               (no ring)

@: no status effects
A: fangs 1, strong nose, distributed training
a: Renounce Religion, Minor Destruction


You were in the Dungeon.
You worshipped Makhleb.
Makhleb was pleased with you.
You visited 1 branch

Inventory:

Hand Weapons
 a - a +2 dagger
 l - the +∞ Axe of Woe (weapon)
   (You found it in the Dungeon)
Missiles
 d - 9 poisoned darts (quivered)
 e - 3 curare-tipped darts
Armour
 b - a +0 robe (worn)
 c - a +0 cloak (worn)
Scrolls
 k - a scroll of blinking
Potions
 f - a potion of curing
 g - a potion of heal wounds
 h - a potion of haste
 i - 2 potions of magic
 j - a potion of berserk rage


   Skills:
 + Level 12.4 Fighting
 + Level 12.4 Short Blades
 + Level 11.6 Long Blades
 + Level 11.6 Axes
 + Level 11.6 Maces & Flails
 + Level 11.6 Polearms
 + Level 11.6 Staves
 + Level 11.6 Ranged Weapons
 + Level 12.4 Throwing
 + Level 11.6 Armour
 + Level 11.9 Dodging
 + Level 13.8 Stealth
 + Level 11.6 Shields
 + Level 11.6 Unarmed Combat
 + Level 11.6 Spellcasting
 + Level 9.8 Conjurations
 + Level 9.8 Hexes
 + Level 9.8 Summonings
 + Level 9.8 Necromancy
 + Level 9.8 Translocations
 + Level 9.8 Transmutations
 + Level 9.8 Fire Magic
 + Level 9.8 Ice Magic
 + Level 9.8 Air Magic
 + Level 9.8 Earth Magic
 + Level 9.8 Poison Magic
 + Level 12.6 Invocations
 + Level 11.6 Evocations


You had 34 spell levels left.
You didn't know any spells.
Your spell library was empty.

Dungeon Overview and Level Annotations

Branches:
Dungeon (1/1)

Altars:
Makhleb


Innate Abilities, Weirdness & Mutations

You have very sharp teeth.
Your uncanny sense of smell can sniff out nearby items.
Your experience applies equally to all skills.


Message History

Unknown command.
Press < or > to pray at altars.
Unknown command.
Press < or > to pray at altars.
The bag of meat appears out of thin air!
A bag of meat comes into view. It is wielding a +9 war axe.
The bag of meat shouts!
You hear a shout! x3
A meat berserker comes into view. It is wielding a +9 battleaxe.
You hear a shout! x2
The meat berserker rages.
You hear a shout! x9; The large bag of meat shouts in stereo!
You hear a shout!
You hear a shout! x9
The meat berserker hits you with a +9 battleaxe!!
A meat berserker comes into view. It is wielding a +9 battleaxe.
The meat berserker hits you with a +9 battleaxe!!!
Ouch! That really hurt!
* * * LOW HITPOINT WARNING * * *
You hear a shout!
Unknown command.
You slash the meat berserker!
You pulverise the meat berserker into a thin bloody mist.
You kill the meat berserker!
Makhleb accepts your kill.
You can now gain health from killing.
You slash the meat berserker!
You pulverise the meat berserker into a thin bloody mist.
You kill the meat berserker!
Makhleb accepts your kill.
You slash the meat berserker!
You slaughter the meat berserker joyfully.
You kill the meat berserker!
Makhleb accepts your kill.
You slash the bag of meat!
You fatally mangle the bag of meat.
You kill the bag of meat!
Makhleb accepts your kill.
You can now harness Makhleb's destructive might.
You hear a shout!
A meat berserker comes into view. It is wielding a +9 battleaxe.
You hear a shout! x11
The bag of meat hits you with a +9 war axe!!!
You die...

.. ..... #. ...#
#.. ...# . .###..
...###..
......###......
..O..._.....
#.....# #_.<)_#
#..oo@#
......_)oo......
......###...O....
.###.. .O.###...
#.. ...# .. #.
....# .. ..O..
......


You could see a large bag of meat (inner flame), 3 meat berserkers and 4 bags of
meat.

Vanquished Creatures
  4 ogres (D)
  An orc (D)
5 creatures vanquished.

Notes
Turn   | Place    | Note
-------+----------+-------------------------------------------
     0 | D        | Found the +∞ Axe of Woe
     0 | D        | Groucho the Gnoll Brigand began the quest for the Orb.
     0 | D        | Reached XP level 1. HP: 20/20 MP: 1/1
     3 | D        | Noticed a bag of meat
     4 | D        | Became a worshipper of Makhleb the Destroyer
     5 | D        | Noticed a bag of meat
     6 | D        | Noticed a bag of meat
     7 | D        | Noticed a meat berserker
     8 | D        | Noticed a bag of meat
     9 | D        | Noticed a meat berserker
    10 | D        | Noticed a bag of meat
    10 | D        | Noticed a bag of meat
    10 | D        | Noticed a meat berserker
    11 | D        | Noticed a bag of meat
    12 | D        | Killed a meat berserker
    12 | D        | Noticed a large bag of meat
    12 | D        | Noticed a meat berserker
    13 | D        | Reached skill level 13 in Stealth
    13 | D        | Reached XP level 2. HP: 39/39 MP: 1/14
    13 | D        | Reached XP level 3. HP: 45/45 MP: 1/16
    13 | D        | Reached XP level 4. HP: 52/52 MP: 1/17
    13 | D        | Reached XP level 5. HP: 58/58 MP: 1/19
    13 | D        | Reached XP level 6. HP: 65/65 MP: 1/20
    13 | D        | Reached XP level 7. HP: 71/71 MP: 1/22
    13 | D        | Reached XP level 8. HP: 78/78 MP: 1/23
    13 | D        | Reached XP level 9. HP: 83/83 MP: 1/24
    13 | D        | Reached XP level 10. HP: 90/90 MP: 1/25
    13 | D        | Reached XP level 11. HP: 96/96 MP: 1/26
    13 | D        | Reached XP level 12. HP: 103/103 MP: 1/27
    13 | D        | Noticed a bag of meat
    13 | D        | Noticed a meat berserker
    14 | D        | Noticed a meat berserker
    15 | D        | Killed a meat berserker
    15 | D        | Reached * piety under Makhleb
    15 | D        | Killed a meat berserker
    15 | D        | Killed a meat berserker
    15 | D        | Killed a bag of meat
    15 | D        | Reached ** piety under Makhleb
    15 | D        | Noticed a meat berserker
    15 | D        | Demolished by a bag of meat

Illustrated notes

Levels and vault maps discovered:
D:        meatsprint

Skill      XL: |  1 |
---------------+----+-----
Fighting       | 12 | 12.4
Short Blades   | 12 | 12.4
Long Blades    | 11 | 11.6
Axes           | 11 | 11.6
Maces & Flails | 11 | 11.6
Polearms       | 11 | 11.6
Staves         | 11 | 11.6
Ranged Weapons | 11 | 11.6
Throwing       | 12 | 12.4
Armour         | 11 | 11.6
Dodging        | 11 | 11.9
Stealth        | 13 | 13.8
Shields        | 11 | 11.6
Unarmed Combat | 11 | 11.6
Spellcasting   | 11 | 11.6
Conjurations   | 9 |  9.8
Hexes          | 9 |  9.8
Summonings     | 9 |  9.8
Necromancy     | 9 |  9.8
Translocations | 9 |  9.8
Transmutations | 9 |  9.8
Fire Magic     | 9 |  9.8
Ice Magic      | 9 |  9.8
Air Magic      | 9 |  9.8
Earth Magic    | 9 |  9.8
Poison Magic   | 9 |  9.8
Invocations    | 12 | 12.6
Evocations     | 11 | 11.6

Action                   |  1- 3 |  4- 6 |  7- 9 | 10-12 || total
-------------------------+-------+-------+-------+-------++-------
Melee: Executioner's axe |     1 |       |       |     1 ||     2
